Map: Oxide LE

Players

Hurricane

  • Race: Protoss Protoss
  • Spawn Location: 1:00

ByuN - Winner!

  • Race: Terran Terran
  • Spawn Location: 7:00

Event: IEM Katowice 2021

VOD

Have the link to the VOD?

Description

Time

  • Played on: Feb. 21, 2021, 8:44 a.m.
  • Length: 8:21

All games in this series

Show
View Real Time Build Order
Export as new Build Order

Hurricane Protoss 

Build Orders: 1 Gate Expand, Phoenix Opening, Colossus Rush 

Get SALT Encoding   

  12  0:00  Probe  
  13  0:12  Probe  
  14  0:17  Pylon  
  14  0:24  Probe (Chrono Boost)  
  15  0:36  Probe (Chrono Boost)  
  15  0:38  Gateway  
  16  0:44  Probe (Chrono Boost)  
  16  0:46  Assimilator  
  17  0:51  Probe  
  18  1:03  Probe  
  19  1:15  Probe  
  20  1:25  Cybernetics Core  
  20  1:31  Nexus  
  20  1:34  Probe  
  21  1:41  Assimilator  
  21  1:46  Pylon  
  21  1:49  Probe  
  22  2:01  Probe  
  22  2:02  Adept (Chrono Boost)  
  22  2:03  Warp Gate  
  25  2:13  Probe  
  26  2:22  Stalker (Chrono Boost)  
  26  2:29  Probe  
  29  2:36  Stargate  
  29  2:43  Probe (Chrono Boost)  
  31  2:45  Adept  
  31  2:46  Probe (Chrono Boost)  
  33  2:52  Probe (Chrono Boost)  
  33  2:55  Probe (Chrono Boost)  
  33  2:58  Probe (Chrono Boost)  
  37  3:05  Probe  
  37  3:09  Probe  
  37  3:11  Pylon  
  38  3:17  Probe  
  38  3:19  Phoenix (Chrono Boost)  
  39  3:22  Probe  
  42  3:29  Probe  
  42  3:33  Assimilator  
  42  3:34  Probe  
  44  3:35  Phoenix (Chrono Boost)  
  44  3:36  Gateway  
  46  3:42  Probe  
  46  3:46  Probe  
  48  3:51  Robotics Facility  
  48  3:52  Assimilator  
  48  3:54  Pylon, Probe  
  49  3:58  Probe  
  49  3:59  Phoenix (Chrono Boost)  
  52  4:03  Stalker  
  54  4:10  Pylon  
  54  4:12  Probe  
  54  4:16  Phoenix  
  55  4:20  Probe  
  58  4:26  Pylon, Probe  
  59  4:34  Sentry, Probe  
  62  4:41  Nexus  
  62  4:48  Observer  
  62  4:49  Probe x2  
  62  4:50  Robotics Bay  
  65  4:52  Pylon  
  65  5:07  Gateway x2, Probe x2  
  65  5:11  Observer (Chrono Boost)  
  65  5:14  Phoenix  
  70  5:20  Probe  
  70  5:21  Pylon, Probe  
  72  5:25  Observer (Chrono Boost)  
  73  5:34  Extended Thermal Lance  
  73  5:39  Colossus (Chrono Boost)  
  73  5:40  Probe x2  
  75  5:48  Shield Battery, Observer  
  81  5:50  Forge  
  81  5:52  Shield Battery  
  81  5:54  Observer  
  81  6:03  Twilight Council  
  81  6:04  Forge  
  81  6:05  Gateway  
  81  6:08  Probe x3  
  84  6:15  Observer  
  84  6:22  Colossus  
  90  6:26  Photon Cannon  
  90  6:28  Shield Battery  
  90  6:31  Zealot x2, Sentry  
  90  6:32  Sentry  
  90  6:55  Zealot x2  
  90  6:56  Zealot  
  94  7:03  Zealot x2  
  92  7:12  Colossus (Chrono Boost)  
  68  7:17  Stalker x3  
  72  7:25  Probe  
  72  7:26  Probe  
  69  7:30  Zealot, Sentry  
  69  7:34  Probe  
  74  7:38  Probe x2  
  74  7:43  Zealot x2, Sentry  
  82  7:48  Shield Battery, Probe  
  82  7:50  Photon Cannon, Probe x2  
  85  8:00  Probe  
  85  8:01  Stalker x2  
  85  8:02  Probe  
  91  8:08  Zealot x3  
Show
View Real Time Build Order
Export as new Build Order

ByuN Terran - Winner!

Build Orders:  

Get SALT Encoding   

  12  0:00  SCV  
  13  0:12  SCV  
  14  0:16  Supply Depot  
  14  0:24  SCV  
  15  0:38  SCV  
  15  0:39  Barracks  
  16  0:43  Refinery  
  16  0:50  SCV  
  17  1:02  SCV  
  18  1:14  SCV  
  19  1:25  Marine  
  19  1:26  Orbital Command  
  20  1:46  Command Center  
  21  1:52  SCV, Factory  
  21  1:59  Refinery  
  21  2:01  Barracks Reactor  
  21  2:04  SCV  
  22  2:10  Supply Depot  
  22  2:16  SCV  
  23  2:31  SCV  
  23  2:35  Hellion  
  23  2:36  Starport  
  26  2:37  Marine x2  
  26  2:43  SCV  
  29  2:55  Marine x2  
  29  2:58  SCV  
  32  2:59  Orbital Command  
  32  3:07  Widow Mine  
  32  3:12  Medivac  
  36  3:13  SCV  
  36  3:15  Marine x2  
  39  3:20  Supply Depot  
  39  3:26  SCV x2  
  41  3:28  Factory Tech Lab  
  41  3:32  Marine  
  41  3:33  Marine  
  43  3:40  SCV x2  
  45  3:44  Supply Depot  
  45  3:51  Raven, Marine x2  
  45  3:52  SCV x2  
  45  3:54  Factory Tech Lab  
  51  3:58  Barracks  
  51  4:04  SCV  
  51  4:05  SCV  
  51  4:08  Marine  
  51  4:09  Marine  
  55  4:10  Supply Depot  
  55  4:17  SCV x2  
  57  4:21  Engineering Bay  
  55  4:26  Marine x2  
  55  4:29  SCV x2  
  55  4:30  Barracks  
  59  4:33  Factory Reactor  
  59  4:41  SCV x2  
  59  4:42  Supply Depot  
  59  4:43  Starport Reactor  
  59  4:44  Marine x2  
  63  4:47  Refinery  
  63  4:48  Terran Infantry Weapons Level 1  
  63  4:55  Stimpack, Marauder  
  63  4:57  SCV x2  
  66  5:07  Supply Depot  
  66  5:08  Marine x2  
  66  5:09  SCV x2  
  70  5:20  Missile Turret  
  70  5:21  Combat Shield  
  70  5:24  SCV x2, Marauder x2  
  70  5:26  Supply Depot  
  78  5:28  Marine x2  
  78  5:33  Supply Depot  
  77  5:37  Medivac x2  
  77  5:42  SCV x2, Missile Turret  
  83  5:47  Marine  
  83  5:48  Marauder x2, Marine, Refinery  
  89  5:55  Widow Mine  
  89  5:56  Widow Mine, Supply Depot  
  93  6:07  Supply Depot  
  93  6:08  Marine  
  94  6:18  Marauder x2, Marine  
  95  6:25  Widow Mine  
  95  6:26  Widow Mine  
  95  6:31  Medivac x2  
  99  6:35  Concussive Shells  
  99  6:37  SCV x2  
  101  6:45  Command Center  
  99  6:58  Marauder x2, Marine x2  
  103  7:05  Widow Mine x2  
  103  7:06  SCV x2  
  101  7:08  Medivac x2  
  97  7:17  Marine x2  
  97  7:22  Marauder x2  
  98  7:33  SCV x2  
  98  7:34  Barracks x2  
  98  7:35  Marine x2  
  98  7:36  Widow Mine  
  98  7:37  Widow Mine  
  106  7:40  Viking x2  
  110  7:51  SCV x2  
  112  7:52  Marauder x2, Marine x2  
  118  8:03  SCV x2  

Tags
 
Add a new tag
Caveats
  • Supply blocks, unpowered buildings, or Contaminate may cause inaccurate times.
  • Supply counts are checked every 10 seconds.